 Dungeon Crawl Stone Soup version 0.31-a0-841-g038b102fc3 (webtiles) character file.

Game seed: 6775560445233857782

65 Kurtz the Chopper (level 4, -1/31 HPs)
             Began as an Octopode Fighter on Sept 27, 2023.
             Slain by an orc
             ... wielding a +0 short sword
              (2 damage)
             ... on level 2 of the Dungeon.
             The game lasted 00:01:04 (1504 turns).

Kurtz the Chopper (Octopode Fighter)                Turns: 1504, Time: 00:01:05

Health: -1/31      AC:  1    Str: 15    XL:     4   Next: 14%
Magic:  4/4        EV:  9    Int: 10    God:
Gold:   81         SH: 12    Dex: 13    Spells: 3/3 levels left

rFire   . . .        a - +0 war axe
rCold   . . .        k - +0 tower shield
rNeg    . . .        (helmet restricted)
rPois   .            (no amulet)
rElec   .            g - ring of resist corrosion
rCorr   +            (no ring)
SInv    .            (no ring)
Will    .....        (no ring)
Stlth   +++          (no ring)
HPRegen 0.25/turn    (no ring)
MPRegen 0.09/turn    (no ring)
                     (no ring)

%: no passive effects
@: no status effects
A: almost no armour, amphibious, 8 rings, camouflage 1, gelatinous body 1,
(nimble swimmer 1), tentacles
a: no special abilities


You were on level 2 of the Dungeon.
You visited 1 branch of the dungeon, and saw 2 of its levels.

You collected 81 gold pieces.

Inventory:

Hand Weapons
 a - a +0 war axe (weapon)
Armour
 b - a +0 buckler
 k - a +0 tower shield (worn)
Jewellery
 g - a ring of resist corrosion (left tentacle)
Scrolls
 h - a scroll of vulnerability {unknown}
 i - a scroll of identify {unknown}
Potions
 c - a potion of might
 d - 2 potions of curing {unknown}
 e - a potion of attraction {unknown}
 f - a potion of heal wounds {unknown}
 j - a potion of ambrosia {unknown}


   Skills:
 - Level 3.0 Fighting
 * Level 4.1 Axes
 - Level 3.0 Dodging
 + Level 1.0 Stealth
 * Level 3.0 Shields


You had 3 spell levels left.
You didn't know any spells.
Your spell library contained the following spells:

 Spells                   Type           Power      Damage    Failure   Level
 Apportation              Tloc           0%         N/A       99%         1
 Freeze                   Ice            0%         1d3       99%         1
 Jinxbite                 Hex            0%         N/A       100%        2
 Frozen Ramparts          Ice            0%         1d1       100%        3
 Hailstorm                Conj/Ice       0%         3d3       100%        3
 Alistair's Intoxication  Tmut/Pois      0%         N/A       100%        5


Dungeon Overview and Level Annotations

Branches:
Dungeon (2/15)

Altars:


Innate Abilities, Weirdness & Mutations

You cannot wear most types of armour.
You are amphibious.
You can wear up to eight rings at the same time.
Your skin changes colour to match your surroundings (Stealth+).
Your rubbery body absorbs attacks. (AC +1, EV +1)
((You are camouflaged when in or above water. (Stealth+)))
You have tentacles for arms and can constrict up to eight enemies at once.


Message History

A quokka is nearby!
There is a dry fountain here.
An orc comes into view. It is wielding a +0 flail.
An orc priest and an orc come into view.
Found a stone staircase leading down.
The helpless quokka fails to defend itself.
You slash the quokka!
You kill the quokka!
The orc shouts! x2; The orc priest shouts!
A bat comes into view.
An adder comes into view.
The bat moves out of view.
The adder moves out of view.
You hear an angry hiss.
Your Stealth skill increases to level 1!
You closely miss the orc priest. You grab the orc priest.
You constrict the orc priest.
The orc priest hits you with a +0 hand axe.
You barely miss the orc priest.
You tentacle-slap the orc priest, but do no damage.
The orc priest is moderately wounded.
You closely miss the orc. You constrict the orc priest.
The orc priest invokes the aid of Beogh against you.
Beogh smites you! You block the orc's attack.
The orc priest hits you with a +0 hand axe.
* * * LOW HITPOINT WARNING * * *
The orc hits you with a +0 short sword.
* * * LOW HITPOINT WARNING * * *
You are too injured to fight recklessly!
Unknown command.
You closely miss the orc. You grab the orc. You squeeze the orc.
The orc is moderately wounded.
You hit the orc priest.
You constrict the orc, but do no damage.
You constrict the orc priest.
The orc priest calls upon Beogh to heal the orc.
The orc's wounds heal themselves!
The orc hits you with a +0 short sword.
* * * LOW HITPOINT WARNING * * *
The orc priest hits you with a +0 hand axe.
* * * LOW HITPOINT WARNING * * *
The orc hits you with a +0 short sword.
You die... ######### #...o@..## ##.. #.⌠##o##⌠.# #... #oo

##.# #..# #.⌠. #.# # #.$#
###### #..> #.# .######..#
#....# #.⌠. #.# .....#(.#
#.##.#.##.. ##.# ##.#.#.#.
#.##.#.⌠#####⌠.# # #........
##.##>##.......####.##.#.#.#.


You could see an orc priest and 3 orcs.

Vanquished Creatures
  An adder (D:2)
  An ufetubus (D:2)
  A dart slug (D:1)
  A ball python (D:2)
  2 endoplasms (D:1)
  3 giant cockroaches
  6 goblins
  6 hobgoblins
  7 kobolds
  5 quokkas
  5 bats
  A frilled lizard (D:2)
  4 rats
43 creatures vanquished.

Notes
Turn   | Place    | Note
-------+----------+-------------------------------------------
     0 | D:1      | Kurtz the Octopode Fighter began the quest for the Orb.
     0 | D:1      | Reached XP level 1. HP: 16/16 MP: 1/1
    67 | D:1      | Found a faded altar of an unknown god.
    76 | D:1      | Reached XP level 2. HP: 14/21 MP: 2/2
   263 | D:1      | Reached skill level 3 in Axes
   716 | D:1      | Reached XP level 3. HP: 26/26 MP: 3/3
  1218 | D:2      | Reached skill level 4 in Axes
  1298 | D:2      | Reached XP level 4. HP: 31/31 MP: 4/4
  1502 | D:2      | Reached skill level 1 in Stealth
  1504 | D:2      | HP: 1/31 [orc priest/+0 hand axe (6)]
  1504 | D:2      | Slain by an orc

Illustrated notes

Levels and vault maps discovered:
D:1:      dpeg_arrival_morbid_curiosity, layout_loops_ring,
          shapermc_ecumenical_altar_venn, minmay_statues_item
D:2:      minmay_recursive_quarters, layout_loops_ring,
          nicolae_concentric_dashed_squares_wild, st_stairs_11,
          chequers_serial_rivers_small_3, grunt_ministairs_11,
          amcnicky_mini_corridor_feature

Skill      XL: |  1  2  3  4 |
---------------+-------------+-----
Axes           | 3 4 |  4.1
Stealth        | 1 |  1.0
Fighting       | |  3.0
Dodging        | |  3.0
Shields        | |  3.0

Action                     |  1- 3 |  4- 6 || total
---------------------------+-------+-------++-------
  Melee: War axe           |    64 |     6 ||    70
         Tentacles         |     8 |     1 ||     9
         Constrict         |    18 |     2 ||    20
         Punch             |     2 |     1 ||     3
   Stab: Sleeping          |     5 |     3 ||     8
 Armour: Skin              |    22 |     6 ||    28
  Dodge: Dodged            |    42 |       ||    42
  Block: Buckler           |     9 |       ||     9
         Tower shield      |     6 |     1 ||     7

Table legend: (Time is in decaauts)
 A = Elapsed time spent in this place.
 B = Non-inter-level travel time spent in this place.
 C = Inter-level travel time spent in this place.
 D = Time resting spent in this place.
 E = Time spent auto-exploring this place.
 F = Levels seen in this place.
 G = Mean time per level.
                   A        B        C        D        E       F      G
               +--------+--------+--------+--------+--------+-----+--------+
         Total |   1534 |   1488 |     46 |     61 |   1175 |   2 |  767.0 |
       Dungeon |   1534 |   1488 |     46 |     61 |   1175 |   2 |  767.0 |
               +--------+--------+--------+--------+--------+-----+--------+

Top non-repeatable levels by time:
     D:1: 977 daAuts
     D:2: 556 daAuts
